[Event "January 2 Early 2024"]
[Site "https://www.chess.com"]
[Date "2024.01.02"]
[Round "2"]
[White "Cruz Ravina, Francisco Javier"]
[Black "Narayanan, Srinath"]
[Result "0-1"]
[Board "141"]
[TimeControl "180+1"]
[WhiteFideId "2228939"]
[BlackFideId "5018420"]
[WhiteElo "2389"]
[BlackElo "2818"]
[WhiteTeam "ESP"]
[BlackTeam "IND"]
[WhiteClock "0:00:21"]
[BlackClock "0:00:23"]

1. e4 c5 2. Nf3 d6 3. d4 cxd4 4. Qxd4 Nc6 5. Bb5 a6 6. Bxc6+ bxc6 7. c4 Nf6 8. e5 c5 9. Qd3 dxe5 10. Qxd8+ Kxd8 11. Nxe5 Ke8 12. O-O e6 13. Rd1 Bb7 14. Nc3 Be7 15. Be3 Rc8 16. f3 h6 17. Rd2 h5 18. h4 Nh7 19. g3 Nf8 20. f4 f6 21. Nd3 Nd7 22. Rad1 Bc6 23. b3 Kf7 24. Nb2 Rhd8 25. Bf2 Ke8 26. Re1 Nf8 27. Rxd8+ Rxd8 28. Rd1 Rxd1+ 29. Nbxd1 Nd7 30. Nb2 g5 31. hxg5 fxg5 32. Nd3 Kf7 33. Be3 g4 34. Ne5+ Nxe5 35. fxe5 Kg6 36. Kf2 Kf5 37. Ne2 Kxe5 38. Nf4 Kf5 39. Nxh5 e5 40. Ng7+ Kf6 41. Nh5+ Kg6 42. Nf4+ exf4 43. Bxf4 Kf5 44. Ke3 Bg5 45. Bxg5 Kxg5 46. a3 Kf5 47. b4 cxb4 48. axb4 Ke5 49. Kd3 Bg2 50. Ke3 Bf1 51. c5 Bb5 0-1

[Event "January 2 Early 2024"]
[Site "https://www.chess.com"]
[Date "2024.01.02"]
[Round "2"]
[White "Bordi, Kevin"]
[Black "Mohammed, Zozek Salah Mohammed"]
[Result "1-0"]
[Board "142"]
[TimeControl "180+1"]
[WhiteFideId "621862"]
[BlackFideId "4803361"]
[WhiteElo "2807"]
[BlackElo "2388"]
[WhiteTeam "MNC"]
[BlackTeam "IRQ"]
[WhiteClock "0:00:55"]
[BlackClock "0:01:58"]

1. d4 d5 2. Bf4 Nf6 3. e3 c5 4. c3 Nc6 5. Nd2 e6 6. Ngf3 Bd6 7. Ne5 O-O 8. Bd3 a6 9. Qf3 c4 10. Bc2 Qe7 11. Qh3 g6 12. Ndf3 Ne4 13. Bxe4 dxe4 14. Ng5 h5 15. Nxe4 Bxe5 16. dxe5 b5 17. Nf6+ Kg7 18. g4 Qc5 19. Qg3 hxg4 20. O-O-O b4 21. Bh6+ Kxh6 22. Qh4+ Kg7 23. Qh7# 1-0

[Event "January 2 Early 2024"]
[Site "https://www.chess.com"]
[Date "2024.01.02"]
[Round "2"]
[White "Astafurov, Arseniy"]
[Black "Dragun, Kamil"]
[Result "1-0"]
[Board "144"]
[TimeControl "180+1"]
[WhiteFideId "24175218"]
[BlackFideId "1134167"]
[WhiteElo "2383"]
[BlackElo "2790"]
[WhiteTeam "RUS"]
[BlackTeam "POL"]
[WhiteClock "0:00:08"]
[BlackClock "0:00:00"]

1. c4 c6 2. e4 d5 3. exd5 cxd5 4. d4 Nf6 5. Nc3 g6 6. Nf3 Bg7 7. Qb3 dxc4 8. Bxc4 O-O 9. O-O Nc6 10. Ne5 e6 11. Nxc6 bxc6 12. Rd1 a5 13. Bg5 h6 14. Bh4 Qc7 15. Rac1 Rb8 16. Qa3 Qb6 17. Na4 Qb4 18. Qxb4 Rxb4 19. b3 Nd5 20. Nc5 Re8 21. Ne4 g5 22. Bg3 Rd8 23. Be5 Nf4 24. Kf1 Ng6 25. Bc7 Rxd4 26. Rxd4 Bxd4 27. Rd1 c5 28. Nxc5 Bxc5 29. Rd8+ Kg7 30. Rxc8 Rb7 31. Bxa5 Bd4 32. Rd8 e5 33. g3 Ra7 34. b4 Ne7 35. Bb5 Rb7 36. a4 h5 37. Ke2 g4 38. Kd3 Bxf2 39. Rd7 Rxd7+ 40. Bxd7 f5 41. b5 e4+ 42. Ke2 Ba7 43. Bc3+ Kg6 44. a5 Nd5 45. Be5 f4 46. gxf4 Nf6 47. Bc6 h4 48. Bxf6 g3 49. Bxe4+ Kxf6 50. hxg3 hxg3 51. Kf3 Bc5 52. b6 1-0

[Event "January 2 Early 2024"]
[Site "https://www.chess.com"]
[Date "2024.01.02"]
[Round "2"]
[White "Rios Escobar, Adan"]
[Black "Wagh Suyog"]
[Result "0-1"]
[Board "145"]
[TimeControl "180+1"]
[WhiteFideId "3403645"]
[BlackFideId "25071688"]
[WhiteElo "2382"]
[BlackElo "2787"]
[WhiteTeam "CHI"]
[BlackTeam "IND"]
[WhiteClock "0:00:00"]
[BlackClock "0:00:09"]

1. d4 Nf6 2. g3 d5 3. Nf3 c5 4. Bg2 cxd4 5. O-O h6 6. b3 e6 7. Bb2 Be7 8. Nxd4 O-O 9. c4 dxc4 10. bxc4 Na6 11. Nb3 Qc7 12. N1d2 Bd7 13. Nd4 Nc5 14. Rb1 a6 15. N2b3 Ba4 16. Ba1 Rfd8 17. Qc1 Rab8 18. Rd1 Nfe4 19. Qe3 Nf6 20. Rdc1 b6 21. h3 Rbc8 22. g4 Nfd7 23. Nd2 Bg5 24. Qc3 Nf6 25. e3 Rd7 26. f4 Bh4 27. N2f3 Nce4 28. Qb2 Bf2+ 29. Kh1 Bxe3 30. g5 Qxf4 31. Ne2 Nf2+ 32. Kg1 Qf5 33. Kf1 hxg5 34. Ng3 Qg6 35. Ne5 Qh7 36. Nxd7 Nxd7 37. Be4 Qxh3+ 38. Ke2 Nf6 39. Kxe3 Qxg3+ 40. Bf3 g4 41. Qxf2 Qe5+ 42. Kd2 Rd8+ 43. Bd5 Qg5+ 44. Qe3 Qh5 45. Ke1 exd5 46. Bxf6 gxf6 47. cxd5 Re8 48. Qxe8+ Bxe8 49. Rc8 Qe5+ 50. Kf1 Qf5+ 51. Kg2 Qxc8 52. Re1 Bd7 53. d6 Qc6+ 54. Kg3 Qxd6+ 0-1

[Event "January 2 Early 2024"]
[Site "https://www.chess.com"]
[Date "2024.01.02"]
[Round "2"]
[White "Hoffmann, Asa"]
[Black "Korchmar, Vasiliy"]
[Result "0-1"]
[Board "146"]
[TimeControl "180+1"]
[WhiteFideId "2001470"]
[BlackFideId "24131750"]
[WhiteElo "2381"]
[BlackElo "2769"]
[WhiteTeam "USA"]
[BlackTeam "RUS"]
[WhiteClock "0:01:56"]
[BlackClock "0:02:15"]

1. d4 Nf6 2. Bg5 d5 3. Nd2 c5 4. c3 Nc6 5. e3 Qb6 6. b3 Bf5 7. f4 e6 8. Ngf3 cxd4 9. Nxd4 Nxd4 10. exd4 Ba3 11. Qf3 Bb2 12. Rd1 Bg4 13. Qg3 Bxd1 14. Bxf6 gxf6 15. Kxd1 Qa5 16. Bd3 Bxc3 17. Qg7 Ke7 18. Nf3 Rhg8 0-1

[Event "January 2 Early 2024"]
[Site "https://www.chess.com"]
[Date "2024.01.02"]
[Round "2"]
[White "Milikow, Elie"]
[Black "Miszler, Levente"]
[Result "0-1"]
[Board "147"]
[TimeControl "180+1"]
[WhiteFideId "371281868"]
[BlackFideId "763276"]
[WhiteElo "2751"]
[BlackElo "2381"]
[WhiteTeam "ISR"]
[BlackTeam "HUN"]
[WhiteClock "0:00:28"]
[BlackClock "0:00:38"]

1. e4 e6 2. d4 d5 3. e5 c5 4. c3 Nc6 5. Nf3 Bd7 6. a3 c4 7. h4 Nge7 8. Bg5 h6 9. Bf4 Nc8 10. b4 cxb3 11. Bd3 Nb6 12. Nbd2 Na5 13. g4 Ba4 14. Rb1 Bxa3 15. Ra1 b2 16. Qxa4+ Nxa4 17. Rxa3 Rc8 18. Rxa4 Rxc3 19. Ke2 Rc1 20. Rd1 Qb6 21. Re1 Nb3 22. Nxb3 Qxb3 23. Rxa7 Rxe1+ 24. Nxe1 O-O 25. Bb1 Rc8 26. Nd3 Rc2+ 27. Bd2 Qc3 28. Bxc2 Qxc2 29. Nxb2 Qxb2 30. Ra8+ Kh7 31. Ke3 Qb3+ 32. Kf4 b5 33. Rf8 Qd3 34. Be3 b4 35. Rxf7 b3 36. Rb7 Qc2 37. Kg3 b2 38. Rxb2 Qxb2 39. h5 g6 40. hxg6+ Kxg6 41. f3 Qc2 42. Bf2 Qd3 43. Bg1 Qd2 44. Bf2 Kf7 45. Kg2 Ke7 46. Kg3 Kd7 47. Kg2 Kc6 48. Kg3 Kb5 49. f4 Kc4 50. Bg1 Kd3 51. f5 exf5 52. gxf5 Qg5+ 53. Kh2 Qxf5 54. Kg2 Ke4 55. Bf2 Qg4+ 56. Kf1 Kf3 0-1

[Event "January 2 Early 2024"]
[Site "https://www.chess.com"]
[Date "2024.01.02"]
[Round "2"]
[White "Novak, Ratko"]
[Black "Matinian, Nikita"]
[Result "0-1"]
[Board "148"]
[TimeControl "180+1"]
[WhiteFideId "14511827"]
[BlackFideId "24129100"]
[WhiteElo "2379"]
[BlackElo "2740"]
[WhiteTeam "CRO"]
[BlackTeam "FID"]
[WhiteClock "0:00:00"]
[BlackClock "0:00:07"]

1. d4 Nf6 2. c4 g6 3. Nc3 Bg7 4. e4 d6 5. f3 O-O 6. Be3 c5 7. dxc5 dxc5 8. Qxd8 Rxd8 9. Bxc5 Nc6 10. Nd5 Nd7 11. Nxe7+ Nxe7 12. Bxe7 Re8 13. Ba3 Ne5 14. O-O-O Be6 15. b3 a5 16. Bb2 a4 17. h3 axb3 18. axb3 Ra2 19. Ne2 Rxb2 20. Kxb2 Nxc4+ 21. Kb1 Na3+ 22. Ka2 Ra8 23. Rd8+ Rxd8 24. Kxa3 Rd1 25. Ng3 Bf8+ 26. Kb2 Bd6 27. Bc4 Rd2+ 28. Kc3 Rxg2 29. Bxe6 Rxg3 30. Bd5 Rxf3+ 31. Kc4 b6 32. h4 h5 33. Kb5 Bc5 34. Kc6 Kg7 35. Kb5 Rf4 36. b4 Bf2 37. Kc6 Kf6 38. Kd6 Rxh4 39. e5+ Kg7 40. Rc1 Rxb4 41. Rc7 Bc5+ 42. Kc6 Rf4 43. e6 Rf6 44. Kb5 h4 45. exf7 h3 46. Rc8 Bf8 47. Rc3 h2 48. Rh3 Rf2 49. Kxb6 g5 50. Be6 Kf6 51. Bd5 g4 52. Rh8 Ke7 53. Rg8 Rb2+ 54. Kc5 Rc2+ 55. Kb5 Rd2 56. Be4 Rd4 57. Bc6 Kxf7 58. Rh8 Rd2 59. Kc4 g3 60. Kc3 Rf2 61. Bd5+ Kg7 62. Rg8+ Kh7 63. Rxg3 Bg7+ 64. Kc4 Rf1 65. Rh3+ Kg6 66. Rxh2 Be5 67. Rg2+ Kf6 68. Re2 Rf4+ 69. Be4 Rg4 70. Kd5 Bf4 71. Ra2 Rg3 72. Ra6+ Kg5 73. Ra8 Re3 74. Rg8+ Kh4 75. Rf8 Kg3 76. Rg8+ Kf2 77. Rg6 Re1 78. Rf6 Ke3 79. Rf7 Rd1+ 80. Ke6 Kxe4 81. Ra7 Be3 82. Ra4+ Bd4 83. Rb4 Rh1 84. Kf7 Rh6 85. Ra4 Kd5 86. Ra2 Be5 87. Ra5+ Ke4 88. Ra2 Kf5 89. Rf2+ Bf4 90. Kg7 Rb6 91. Rd2 Rb7+ 92. Kf8 Bxd2 0-1

[Event "January 2 Early 2024"]
[Site "https://www.chess.com"]
[Date "2024.01.02"]
[Round "2"]
[White "Zou, Chen"]
[Black "Kekic, Armin"]
[Result "1-0"]
[Board "149"]
[TimeControl "180+1"]
[WhiteFideId "8610959"]
[BlackFideId "14401274"]
[WhiteElo "2732"]
[BlackElo "2376"]
[WhiteTeam "CHN"]
[BlackTeam "BIH"]
[WhiteClock "0:01:10"]
[BlackClock "0:00:54"]

1. d4 d6 2. c4 e5 3. dxe5 dxe5 4. Qxd8+ Kxd8 5. Nc3 Be6 6. e3 c6 7. Nf3 f6 8. b3 Kc7 9. Bb2 a5 10. Bd3 Na6 11. O-O Nc5 12. Bc2 Rd8 13. Rad1 Ne7 14. Rxd8 Kxd8 15. Rd1+ Kc7 16. Ne4 Nxe4 17. Bxe4 Bf5 18. Nd2 Bxe4 19. Nxe4 Nc8 20. Bc3 Bb4 21. Bxb4 axb4 22. Nc5 Re8 23. Rd7+ Kb6 24. Nd3 Re7 25. Rxe7 Nxe7 26. Nxb4 e4 27. Kf1 Kc5 28. Nc2 b5 29. cxb5 cxb5 30. a3 Nd5 31. Ke2 f5 32. Kd2 g6 33. Nd4 Nf6 34. h3 Nd7 35. Kc3 Ne5 36. Ne6+ Kd6 37. Nf8 h6 38. a4 bxa4 39. bxa4 Kc5 40. a5 g5 41. Ne6+ Kb5 42. Nd4+ Kxa5 43. Nxf5 Nd3 44. Nxh6 Nxf2 45. Nf7 Kb5 46. Kd4 1-0

[Event "January 2 Early 2024"]
[Site "https://www.chess.com"]
[Date "2024.01.02"]
[Round "2"]
[White "Gerbelli Neto, Eduardo"]
[Black "Syaputra, Arifa Rizki"]
[Result "0-1"]
[Board "150"]
[TimeControl "180+1"]
[WhiteFideId "2103281"]
[BlackFideId "7105100"]
[WhiteElo "2375"]
[BlackElo "2723"]
[WhiteTeam "BRA"]
[BlackTeam "INA"]
[WhiteClock "0:00:01"]
[BlackClock "0:00:15"]

1. e4 c5 2. Nc3 Nc6 3. f4 e6 4. Nf3 d5 5. Bb5 Ne7 6. exd5 exd5 7. Qe2 Bg4 8. Bxc6+ bxc6 9. O-O Qd6 10. d3 f6 11. b3 Bxf3 12. Qxf3 Kf7 13. Ba3 Nf5 14. Ne2 Re8 15. d4 Qe6 16. Rf2 cxd4 17. Bxf8 Rhxf8 18. Rd1 c5 19. Ng3 Nxg3 20. hxg3 Kg8 21. Rfd2 f5 22. c3 dxc3 23. Qxc3 d4 24. Qd3 Qe3+ 25. Kf1 Qe4 26. b4 Qxd3+ 27. Rxd3 cxb4 28. Rxd4 Re3 29. Kf2 Ra3 30. R1d2 a5 31. Rd5 g6 32. Rb5 Rf7 33. Rc2 Kg7 34. Kg1 Rxg3 35. Rxa5 Rg4 36. Rc4 Rb7 37. Ra4 b3 38. axb3 Rxb3 39. Rc2 Rbg3 40. Ra7+ Kh6 41. Rf2 Rd3 42. Kf1 Rd1+ 43. Ke2 Rd4 44. Ke3 Re4+ 45. Kd3 Rexf4 46. Raa2 Rxf2 47. Rxf2 Kg5 48. Ke3 h5 49. Kf3 h4 50. Ra2 Rg3+ 51. Kf2 Kg4 52. Ra4+ f4 53. Ra6 g5 54. Rg6 Rc3 55. Rg8 Rc2+ 56. Kg1 Rc5 57. Kf2 Rf5 58. Rg7 f3 59. gxf3+ Rxf3+ 60. Kg2 h3+ 61. Kh2 Rf2+ 62. Kg1 Ra2 63. Rg8 Kh4 64. Rg7 g4 65. Rg6 Kg3 66. Kf1 h2 0-1

[Event "January 2 Early 2024"]
[Site "https://www.chess.com"]
[Date "2024.01.02"]
[Round "2"]
[White "Manelyuk, Daniil"]
[Black "Travkina, Anastasia"]
[Result "1-0"]
[Board "151"]
[TimeControl "180+1"]
[WhiteFideId "44173920"]
[BlackFideId "24129151"]
[WhiteElo "2722"]
[BlackElo "2372"]
[WhiteTeam "RUS"]
[BlackTeam "RUS"]
[WhiteClock "0:01:17"]
[BlackClock "0:00:43"]

1. e4 c5 2. Nf3 d6 3. d4 cxd4 4. Nxd4 Nf6 5. Nc3 g6 6. f3 Bg7 7. Be3 O-O 8. Qd2 Nc6 9. O-O-O d5 10. exd5 Nxd5 11. Nxc6 bxc6 12. Bd4 Nxc3 13. Qxc3 Bh6+ 14. Be3 Bxe3+ 15. Qxe3 Qb6 16. Qxe7 Be6 17. Qa3 Rad8 18. Bd3 Rd5 19. b3 Ra5 20. Qb2 Qf2 21. Rd2 Qe3 22. Rd1 c5 23. Qc3 Qd4 24. Qxd4 cxd4 25. Kb2 Rg5 26. Bf1 a5 27. Rxd4 Rb8 28. c4 Kg7 29. Kc3 Rc8 30. Rd6 Rgc5 31. Ra6 h5 32. Rdd6 h4 33. Ra7 Kf6 34. g3 g5 35. Bh3 Ke5 36. Bxe6 Kxd6 37. Bxc8 Rxc8 38. Rxf7 Re8 39. gxh4 gxh4 40. Rh7 Re3+ 41. Kd4 Re2 42. Rh6+ Kd7 43. Rxh4 Rxa2 44. Rh5 Ra3 45. Rb5 Kc6 46. Kc3 a4 47. Kb2 1-0

[Event "January 2 Early 2024"]
[Site "https://www.chess.com"]
[Date "2024.01.02"]
[Round "2"]
[White "Mgeladze, Tamaz"]
[Black "Fernandez Garcia, Gumersindo"]
[Result "1-0"]
[Board "152"]
[TimeControl "180+1"]
[WhiteFideId "13601202"]
[BlackFideId "24516740"]
[WhiteElo "2701"]
[BlackElo "2370"]
[WhiteTeam "GEO"]
[BlackTeam "ESP"]
[WhiteClock "0:00:26"]
[BlackClock "0:00:06"]

1. c4 e5 2. g3 Nf6 3. Bg2 c6 4. Nf3 e4 5. Nd4 d5 6. cxd5 Qxd5 7. Nb3 Qh5 8. h3 Na6 9. Nc3 Qg6 10. Qc2 Nb4 11. Qb1 e3 12. Qxg6 hxg6 13. O-O exf2+ 14. Rxf2 Bxh3 15. d3 Ng4 16. Rf4 Nc2 17. Bxh3 Rxh3 18. Rxg4 Nxa1 19. Nxa1 Bc5+ 20. Kg2 Rh5 21. Re4+ Kd7 22. Nb3 Bb6 23. Be3 Rah8 24. Bxb6 axb6 25. Nd4 Rh2+ 26. Kf3 Rh1 27. Ke3 R8h3 28. Rg4 b5 29. Ne4 Rb1 30. Nc5+ Kc7 31. b3 Rb2 32. Re4 Rxg3+ 33. Kf2 Rh3 34. b4 Rh2+ 35. Kg3 Rh5 36. Re7+ Kc8 37. Nxb7 Rg5+ 38. Kf3 Rd5 39. Nxc6 Rd7 40. Na7+ Kc7 41. Nxb5+ Kc8 42. N7d6+ Kd8 43. Rxd7+ Kxd7 44. a3 f5 45. Nc4 Rb1 46. Nd4 Ke7 47. b5 Kf6 48. b6 g5 49. a4 g4+ 50. Kg2 f4 51. a5 Kg5 52. a6 Ra1 53. b7 Rb1 54. a7 Rxb7 55. a8=Q Rf7 56. Qd5+ Kg6 57. Ne5+ 1-0

[Event "January 2 Early 2024"]
[Site "https://www.chess.com"]
[Date "2024.01.02"]
[Round "2"]
[White "Kraus, Tomas"]
[Black "Cristobal, Manuel"]
[Result "0-1"]
[Board "153"]
[TimeControl "180+1"]
[WhiteFideId "331708"]
[BlackFideId "112879"]
[WhiteElo "2366"]
[BlackElo "2695"]
[WhiteTeam "CZE"]
[BlackTeam "ARG"]
[WhiteClock "0:01:15"]
[BlackClock "0:02:21"]

1. e4 Nc6 2. d4 e5 3. d5 Nce7 4. c4 Nf6 5. Nc3 Ng6 6. Bd3 Bc5 7. Be3 Qe7 8. Nge2 Bxe3 9. fxe3 Ng4 10. Qd2 Qg5 11. Nd1 Nh4 12. O-O Nxh2 13. Nf4 Nxf1 0-1

[Event "January 2 Early 2024"]
[Site "https://www.chess.com"]
[Date "2024.01.02"]
[Round "2"]
[White "Manon-og, Ramon Jr."]
[Black "Gritsenko, Nikolai"]
[Result "0-1"]
[Board "154"]
[TimeControl "180+1"]
[WhiteFideId "5200776"]
[BlackFideId "14112493"]
[WhiteElo "2356"]
[BlackElo "2687"]
[WhiteTeam "PHI"]
[BlackTeam "UKR"]
[WhiteClock "0:01:41"]
[BlackClock "0:01:30"]

1. e4 d5 2. exd5 Nf6 3. Nc3 Nxd5 4. d4 Bf5 5. Nf3 e6 6. Bd3 Bxd3 7. Qxd3 Be7 8. O-O O-O 9. Ne4 Nd7 10. c4 N5f6 11. b3 c5 12. Bb2 cxd4 13. Qxd4 Qc7 14. Rad1 Rfd8 15. h3 Nc5 16. Nxf6+ Bxf6 17. Qxf6 gxf6 18. Bxf6 Rxd1 19. Rxd1 Nd7 20. Bc3 Rd8 21. Rd4 Nf8 22. Rg4+ Ng6 23. g3 Rd3 24. Be5 Qc6 25. Ne1 Rd1 26. Bc3 f5 27. Rg5 Qe4 28. Kf1 Qd3+ 0-1

[Event "January 2 Early 2024"]
[Site "https://www.chess.com"]
[Date "2024.01.02"]
[Round "2"]
[White "Atanasov, Anthony"]
[Black "Gomez Falagan, Daniel"]
[Result "1/2-1/2"]
[Board "156"]
[TimeControl "180+1"]
[WhiteFideId "2623897"]
[BlackFideId "54509947"]
[WhiteElo "2668"]
[BlackElo "2351"]
[WhiteTeam "CAN"]
[BlackTeam "ESP"]
[WhiteClock "0:00:03"]
[BlackClock "0:00:06"]

1. e4 e6 2. Qe2 Be7 3. d4 d5 4. Nc3 c5 5. exd5 cxd4 6. Nb5 Nf6 7. Nxd4 O-O 8. Ngf3 Nxd5 9. g3 Bf6 10. Bg2 e5 11. Nb3 Nc6 12. O-O Re8 13. Qe4 Nde7 14. Nh4 Ng6 15. Nf5 Qc7 16. c3 Be6 17. Be3 Rad8 18. Rfd1 Nge7 19. Nxe7+ Bxe7 20. Nc5 Bc8 21. Qa4 f5 22. Na6 bxa6 23. Bxc6 Rf8 24. Qc4+ Kh8 25. Bd5 Qb8 26. b4 f4 27. Bc5 Bxc5 28. Qxc5 fxg3 29. hxg3 Bh3 30. Bg2 Bxg2 31. Kxg2 Rc8 32. Qe3 Qc7 33. Rd3 Qc6+ 34. Kg1 e4 35. Rd4 Qxc3 36. Qxc3 Rxc3 37. Rxe4 Rc2 38. Rf1 h6 39. a4 Ra2 40. a5 Rc8 41. Kg2 Rcc2 42. Rf4 Rcb2 43. Rh1 Ra4 44. Rhh4 Raa2 45. Rhg4 Kh7 46. Rf3 Ra4 47. Rgf4 Rbxb4 48. Rf7 Rxa5 49. Rxa7 Rb6 50. Rff7 Rg6 51. Rfc7 Ra2 52. Rf7 h5 53. Rf8 Kh6 54. Raa8 Rf6 55. Rxf6+ gxf6 56. Kh2 Kg6 57. Kg2 a5 58. Kf3 a4 59. Ra5 a3 60. Ra4 Ra1 61. Ra5 Kf7 62. Kg2 a2 63. Kh2 Ke6 64. Kg2 Kd6 65. Ra8 Kc5 66. Rc8+ Kd4 67. Rd8+ Ke4 68. Re8+ Kf5 69. Ra8 Kg5 70. Ra5+ f5 71. Ra4 Kf6 72. Ra6+ Ke5 73. Ra8 Kd5 74. Rd8+ Kc4 75. Rc8+ Kb3 76. Rb8+ Kc2 77. Rc8+ Kb3 78. Rb8+ Kc4 79. Ra8 Kb5 80. Rb8+ Ka6 81. Ra8+ Kb7 82. Ra3 Kc6 83. Kf3 Kc5 84. Ra8 Kc4 85. Kg2 Kb3 86. Rb8+ 1/2-1/2

[Event "January 2 Early 2024"]
[Site "https://www.chess.com"]
[Date "2024.01.02"]
[Round "2"]
[White "Shohat, Yotam"]
[Black "Hajiyev, Kanan"]
[Result "0-1"]
[Board "157"]
[TimeControl "180+1"]
[WhiteFideId "2813955"]
[BlackFideId "13404148"]
[WhiteElo "2350"]
[BlackElo "2637"]
[WhiteTeam "ISR"]
[BlackTeam "AZE"]
[WhiteClock "0:00:09"]
[BlackClock "0:00:56"]

1. e4 c6 2. Nf3 d5 3. Nc3 a6 4. d4 Bg4 5. exd5 cxd5 6. h3 Bh5 7. g4 Bg6 8. Ne5 Nc6 9. h4 Nxe5 10. dxe5 h5 11. gxh5 Bxh5 12. Qxd5 Qxd5 13. Nxd5 O-O-O 14. Nc3 e6 15. Be2 Bb4 16. Bd2 Ne7 17. f4 Nf5 18. Bxh5 Rxh5 19. O-O-O Rxh4 20. Rxh4 Nxh4 21. Ne4 Be7 22. Ba5 Rxd1+ 23. Kxd1 Ng6 24. Bd2 Kd7 25. Ke2 Kc6 26. Kf3 Kd5 27. b3 Nh4+ 28. Ke3 b5 29. Kd3 b4 30. c3 bxc3 31. Nxc3+ Kc6 32. Ne4 f5 33. exf6 gxf6 34. Bc3 f5 35. Ng5 Kd5 36. a4 Ng2 37. Nh3 Bd6 38. Bd2 Nh4 39. b4 Ng6 40. b5 axb5 41. axb5 Kc5 42. Ng5 Nf8 43. Bc3 Bxf4 44. Nf7 Kxb5 45. Bg7 Nd7 46. Nd8 e5 47. Ne6 Nc5+ 48. Nxc5 Kxc5 49. Bf8+ Kd5 50. Bg7 e4+ 51. Ke2 Bg5 52. Bb2 f4 53. Bg7 f3+ 54. Kf2 Ke6 55. Kg3 Kf5 56. Bb2 Bf4+ 57. Kf2 Kg4 58. Bf6 e3+ 59. Kg1 e2 60. Bc3 Bg3 61. Kh1 f2 0-1

[Event "January 2 Early 2024"]
[Site "https://www.chess.com"]
[Date "2024.01.02"]
[Round "2"]
[White "Gutkin, Ilya"]
[Black "Mirzoev, Azer"]
[Result "0-1"]
[Board "158"]
[TimeControl "180+1"]
[WhiteFideId "16203470"]
[BlackFideId "13400304"]
[WhiteElo "2349"]
[BlackElo "2624"]
[WhiteTeam "GER"]
[BlackTeam "AZE"]
[WhiteClock "0:00:00"]
[BlackClock "0:01:14"]

1. Nf3 c6 2. g3 d5 3. Bg2 g6 4. c4 Bg7 5. O-O dxc4 6. a4 a5 7. Na3 Nf6 8. Nxc4 O-O 9. d3 Na6 10. Be3 Nd5 11. Bd4 Nab4 12. Bxg7 Kxg7 13. Qd2 Bg4 14. Nfe5 Be6 15. f4 Nf6 16. h3 Bd5 17. e4 Bxc4 18. Nxc4 Qxd3 19. Qxd3 Nxd3 20. Rfd1 Nc5 21. e5 Nfe4 22. Bxe4 Nxe4 23. Kg2 Rfd8 24. Kf3 Nc5 25. Nb6 Rab8 26. Ke3 f5 27. Rac1 Nb3 28. Rxd8 Rxd8 29. Rc3 Nd2 30. Rc1 Ne4 31. g4 Rd2 32. gxf5 gxf5 33. Nc4 Rh2 34. Nxa5 Rxb2 35. Nc4 Rb3+ 36. Kd4 Kf7 37. Ne3 Ke6 38. Nc2 Rc3 0-1

[Event "January 2 Early 2024"]
[Site "https://www.chess.com"]
[Date "2024.01.02"]
[Round "2"]
[White "Nayak Rajesh"]
[Black "Gubajdullin, Alexei"]
[Result "1-0"]
[Board "159"]
[TimeControl "180+1"]
[WhiteFideId "35017152"]
[BlackFideId "4141202"]
[WhiteElo "2349"]
[BlackElo "2601"]
[WhiteTeam "IND"]
[BlackTeam "RUS"]
[WhiteClock "0:00:46"]
[BlackClock "0:00:23"]

1. b3 c5 2. Bb2 Nc6 3. e4 e5 4. a4 Nf6 5. Nc3 Nd4 6. Bc4 d6 7. h3 Be6 8. d3 Be7 9. Nge2 O-O 10. O-O Bxc4 11. dxc4 Nh5 12. Nd5 g6 13. Bxd4 cxd4 14. f4 Bh4 15. f5 Qg5 16. Qc1 Kh8 17. Qxg5 Bxg5 18. g4 Ng7 19. Kg2 Ne8 20. Kg3 Nf6 21. Nxf6 Bxf6 22. Nc1 Bg5 23. Nd3 a6 24. a5 Rac8 25. h4 Be3 26. Nb4 Bd2 27. Nd5 Rc5 28. fxg6 hxg6 29. Rf6 Rxa5 30. Rxa5 Bxa5 31. Rxd6 Bd2 32. Rd7 f5 33. gxf5 gxf5 34. Ne7 Be1+ 35. Kf3 fxe4+ 36. Kxe4 Rf2 37. h5 Rh2 38. Ng6+ Kg8 39. Nxe5 Rxh5 40. Rxb7 Bc3 41. Nd3 Rh2 42. c5 Rxc2 43. b4 Kf8 44. c6 Bd2 45. c7 Ke8 46. Ne5 Be1 47. Rb8+ Ke7 48. c8=Q Rxc8 49. Rxc8 Bxb4 50. Ra8 d3 51. Kxd3 Kd6 52. Nc4+ Kc5 53. Rxa6 Be1 54. Re6 Bg3 55. Rg6 Bf2 56. Nd2 Kd5 57. Ne4 Be1 58. Rg5+ Ke6 59. Kd4 Bh4 60. Rg6+ Kf7 61. Rc6 Be1 62. Ke5 Ba5 63. Kf5 Ke7 64. Ra6 Bb4 65. Ra7+ Kd8 66. Ke6 Kc8 67. Nd6+ Kb8 68. Rb7+ Ka8 69. Rxb4 Ka7 70. Kd7 Ka6 71. Kc6 Ka5 72. Rb1 Ka4 73. Kc5 Ka3 74. Kc4 Ka2 75. Rb3 Ka1 76. Kc3 Ka2 77. Kc2 Ka1 78. Ra3# 1-0

[Event "January 2 Early 2024"]
[Site "https://www.chess.com"]
[Date "2024.01.02"]
[Round "2"]
[White "Toman, Ondrej"]
[Black "Seder, Mohammed"]
[Result "1-0"]
[Board "160"]
[TimeControl "180+1"]
[WhiteFideId "344516"]
[BlackFideId "11505567"]
[WhiteElo "2597"]
[BlackElo "2344"]
[WhiteTeam "CZE"]
[BlackTeam "PLE"]
[WhiteClock "0:00:16"]
[BlackClock "0:00:03"]

1. d4 Nf6 2. Bg5 Ne4 3. h4 d5 4. Nd2 Bf5 5. Nxe4 Bxe4 6. f3 Bf5 7. g4 Bd7 8. e3 Nc6 9. Bd3 f6 10. Bf4 e5 11. dxe5 fxe5 12. Bg3 Bb4+ 13. c3 Bc5 14. e4 d4 15. Qb3 Qe7 16. O-O-O O-O-O 17. Kb1 Be6 18. c4 Bf7 19. h5 g5 20. h6 Nb4 21. Ne2 b5 22. Rc1 Nxd3 23. Qxd3 bxc4 24. Rxc4 Bxc4 25. Qxc4 Bb6 26. Nc1 Kb8 27. Nd3 Qf6 28. Nxe5 Kb7 29. Rd1 Rhe8 30. Nf7 Re7 31. Nxd8+ Kc8 32. Nc6 Rf7 33. Rd3 Rf8 34. Qa6+ Kd7 35. Ne5+ Ke7 36. Qa3+ Ke8 37. Qa4+ Ke7 38. Qd7# 1-0

[Event "January 2 Early 2024"]
[Site "https://www.chess.com"]
[Date "2024.01.02"]
[Round "2"]
[White "Rama, Tejas"]
[Black "Bernat, David"]
[Result "0-1"]
[Board "161"]
[TimeControl "180+1"]
[WhiteFideId "30907381"]
[BlackFideId "2099225"]
[WhiteElo "2594"]
[BlackElo "2344"]
[WhiteTeam "USA"]
[BlackTeam "USA"]
[WhiteClock "0:00:23"]
[BlackClock "0:00:41"]

1. d4 d5 2. c4 e5 3. dxe5 d4 4. Nf3 Nc6 5. Nbd2 Nge7 6. Nb3 Nf5 7. g3 a5 8. Bd2 a4 9. Nc1 Be6 10. Bg2 Bxc4 11. O-O Be7 12. Qc2 Be6 13. Nd3 O-O 14. Nc5 Bxc5 15. Qxc5 Qe7 16. Rac1 Qxc5 17. Rxc5 Bxa2 18. Bf4 Ra6 19. Rb5 Rb6 20. Rxb6 cxb6 21. Ra1 Bb3 22. Nd2 Bc2 23. Bxc6 bxc6 24. Rc1 d3 25. exd3 Bxd3 26. Rxc6 b5 27. g4 Nd4 28. Rd6 Ne2+ 29. Kg2 Nxf4+ 30. Kf3 Ng6 31. Rxd3 Nxe5+ 32. Ke4 Nxd3 33. Kxd3 Rd8+ 34. Kc3 b4+ 35. Kc2 Rxd2+ 36. Kxd2 f6 37. Kd3 a3 38. bxa3 bxa3 39. Kc3 Kf7 40. Kb3 Ke6 41. Kxa3 Ke5 42. Kb4 Kf4 43. h3 Kf3 44. Kc5 Kxf2 45. Kd5 Kg3 46. Ke6 Kxh3 47. Kf5 Kh4 48. Kf4 g6 49. Kf3 g5 0-1

[Event "January 2 Early 2024"]
[Site "https://www.chess.com"]
[Date "2024.01.02"]
[Round "2"]
[White "Nord, Alexander"]
[Black "Palczert, Matyas"]
[Result "0-1"]
[Board "163"]
[TimeControl "180+1"]
[WhiteFideId "1738135"]
[BlackFideId "784958"]
[WhiteElo "2341"]
[BlackElo "2586"]
[WhiteTeam "SWE"]
[BlackTeam "HUN"]
[WhiteClock "0:00:00"]
[BlackClock "0:01:13"]

1. d4 Nf6 2. c4 c5 3. d5 b5 4. cxb5 a6 5. b6 Qxb6 6. Nc3 d6 7. e4 g6 8. Bc4 Bg7 9. Nge2 O-O 10. O-O Nbd7 11. h3 Ne5 12. Bb3 c4 13. Bc2 a5 14. Rb1 Ba6 15. Be3 Qc7 16. Nd4 Nd3 17. Nc6 e6 18. Qd2 exd5 19. exd5 Rfe8 20. Bd4 Nxd5 21. Bxg7 Qxc6 22. Nxd5 Qxd5 23. Bc3 Bb7 24. f3 Qc5+ 25. Kh1 Qe3 26. Rbd1 d5 27. Bxd3 cxd3 28. Qxd3 Qxd3 29. Rxd3 Ba6 30. Rfd1 Bxd3 31. Rxd3 Red8 32. Rd4 a4 33. a3 h5 34. g4 hxg4 35. hxg4 Kf8 36. Kg2 Ke7 37. Kg3 Ke6 38. Rf4 f5 39. gxf5+ gxf5 40. Rh4 Rg8+ 41. Kf4 Rg6 42. Rh7 Rc8 43. Rb7 Rc4+ 44. Ke3 f4+ 45. Kd3 Rg3 46. Ke2 Rg2+ 47. Kd3 Rf2 48. Rb6+ Kd7 0-1